 Dungeon Crawl Stone Soup version 0.28.0-1-gb440e238dd (webtiles) character file.

Game seed: 5530426926909689720

133 Jerry the Chucker (level 4, -1/44 HPs)
             Began as a Troll Hunter on Feb 24, 2022.
             Slain by Pargi (3 damage)
             ... in a sewer.
             The game lasted 00:08:30 (2685 turns).

Jerry the Chucker (Troll Hunter)                    Turns: 2685, Time: 00:08:32

Health: -1/44      AC:  4    Str: 22    XL:     4   Next: 93%
Magic:  3/3        EV: 10    Int:  7    God:
Gold:   101        SH:  0    Dex: 10    Spells: 3/3 levels left

rFire   . . .      SeeInvis .   e - +0 whip
rCold   . . .      Faith    .   (no shield)
rNeg    + . .      Spirit   .   b - +0 robe
rPois   .          Reflect  .   (helmet restricted)
rElec   .          Harm     .   (no cloak)
rCorr   .          Rampage  .   (gloves unavailable)
Will    .....                   (boots unavailable)
Stlth   +.........              (no amulet)
HPRegen 0.94/turn               i - ring of positive energy
MPRegen 0.08/turn               (no ring)

@: no status effects
A: large, unfitting armour, claws 3, regeneration 1, shaggy fur 1, tough skin 1
a: no special abilities


You were in a sewer.
You visited 1 branch of the dungeon, and saw 3 of its levels.
You also visited: Sewer.

You collected 101 gold pieces.

Inventory:

Hand Weapons
 a - a +0 short sword
 e - a +0 whip (weapon)
Missiles
 c - 3 large rocks (quivered)
 d - 2 throwing nets
 l - 2 atropa-tipped darts
Armour
 b - a +0 robe (worn)
Jewellery
 i - a ring of positive energy (left claw)
Scrolls
 o - 2 scrolls of teleportation
Potions
 g - a potion of curing


   Skills:
 - Level 2.6 Fighting
 + Level 0.1 Maces & Flails
 + Level 4.4 Throwing
 + Level 2.7 Dodging
 - Level 0.3 Stealth


You had 3 spell levels left.
You didn't know any spells.
Your spell library contained the following spells:

 Spells                   Type           Power      Damage    Failure   Level
 Summon Small Mammal      Summ           0%         N/A       43%         1
 Call Canine Familiar     Summ           0%         N/A       80%         3
 Frozen Ramparts          Ice            0%         1d2       80%         3
 Summon Guardian Golem    Hex/Summ       0%         N/A       80%         3
 Ice Form                 Ice/Tmut       0%         N/A       99%         4
 Summon Ice Beast         Ice/Summ       0%         N/A       99%         4


Dungeon Overview and Level Annotations

Branches:
Dungeon (3/15)              Sewer (1/1)

Altars:

Annotations:
Sewer Pargi


Innate Abilities, Weirdness & Mutations

You are too large for most types of armour.
You have claws for hands.
Your natural rate of healing is unusually fast.
You are covered in fur. (AC +1)
You have tough skin. (AC +1)


Message History

Pargi is moderately wounded.
Pargi completely misses you.
Pargi barely misses you. x2; Pargi bites you!
* * * LOW HITPOINT WARNING * * *
Pargi claws you.
* * * LOW HITPOINT WARNING * * *
Pargi claws you but does no damage.
You hit Pargi.
Pargi is moderately wounded.
Pargi barely misses you. Pargi claws you but does no damage. x2
You closely miss Pargi.
Pargi is moderately wounded.
Pargi bites you.
* * * LOW HITPOINT WARNING * * *
Pargi misses you. Pargi barely misses you.
You hit Pargi.
Pargi is moderately wounded.
Pargi bites you.
* * * LOW HITPOINT WARNING * * *
Pargi claws you but does no damage. x2
You barely miss Pargi.
Pargi is moderately wounded.
Pargi bites you.
* * * LOW HITPOINT WARNING * * *
Pargi barely misses you. Pargi closely misses you.
You hit Pargi.
Pargi is moderately wounded.
Pargi barely misses you. x3
You miss Pargi.
Pargi is moderately wounded.
Pargi bites you.
* * * LOW HITPOINT WARNING * * *
Pargi claws you.
* * * LOW HITPOINT WARNING * * *
Pargi claws you but does no damage.
Throw: 4 large rocks
Press: ? - help, Q - select action, (/) - cycle Shift-Dir - straight line, f/p - Pargi
Aim: Pargi (moderately wounded, 51% to hit)
You throw a large rock. The large rock barely misses Pargi.
Pargi bites you.
You die...

≈≈≈≈≈≈≈≈≈≈∩# #######
#≈≈≈≈≈≈≈≈≈## ≈...T≈.
#≈≈≈≈≈≈≈.# # ##≈≈≈≈≈≈## #
##≈≈≈≈≈†## ## #≈≈≈≈≈≈.###
#. #≈≈≈≈≈≈≈≈.# ###(
##≈≈≈≈≈≈≈≈##### ###≈.≈
#≈≈≈≈≈≈≈≈≈@T(## #####..≈≈≈
##≈≈≈≈≈≈≈≈≈≈..#
##..≈.≈≈≈≈≈
#≈≈≈≈≈≈≈≈≈≈≈≈###..≈≈≈≈≈≈≈≈
##≈≈≈≈≈≈≈≈≈≈≈.≈≈.≈≈≈≈≈≈≈≈≈
#≈≈≈≈≈≈≈≈≈≈≈≈≈≈≈≈≈≈≈≈≈≈≈≈
###≈≈≈≈≈≈≈≈≈≈≈≈≈≈≈≈≈≈≈≈≈≈
#≈≈≈≈≈≈≈≈≈≈≈≈≈≈≈≈≈≈≈≈≈≈
####≈≈≈≈≈≈≈≈≈≈≈≈≈≈≈≈≈≈#
#≈≈≈≈≈≈≈≈≈≈≈≈≈≈≈≈≈##


You could see Pargi.

Vanquished Creatures
  An orc wizard (D:3)
  2 adders
  A worm (D:2)
  3 orcs
  3 ball pythons
  6 bats
  5 endoplasms
  4 giant cockroaches (D:3)
  2 hobgoblins (D:2)
  10 jackals
  13 kobolds
  9 quokkas
  6 frilled lizards
  5 goblins
  7 rats
77 creatures vanquished.

Vanquished Creatures (others)
  7 plants (D:2)
7 creatures vanquished.

Grand Total: 84 creatures vanquished

Notes
Turn   | Place    | Note
-------+----------+-------------------------------------------
     0 | D:1      | Jerry the Troll Hunter began the quest for the Orb.
     0 | D:1      | Reached XP level 1. HP: 19/19 MP: 0/0
   268 | D:1      | Reached XP level 2. HP: 28/28 MP: 1/1
   992 | D:2      | Reached skill level 4 in Throwing
   992 | D:2      | Reached XP level 3. HP: 35/35 MP: 2/2
  1938 | D:3      | Reached XP level 4. HP: 44/44 MP: 3/3
  2106 | D:3      | Found a faded altar of an unknown god.
  2521 | D:3      | Found a glowing drain.
  2550 | Sewer    | Entered a sewer
  2603 | Sewer    | Noticed Pargi
  2682 | Sewer    | HP: 1/44 [Pargi (5)]
  2685 | Sewer    | Slain by Pargi

Illustrated notes

Levels and vault maps discovered:
D:1:      nicolae_arrival_somewhat_less_tricky_arrival, layout_basic
D:2:      kb_forest_paths, layout_basic, serial_forest, infiniplex_forest_end_3,
          infiniplex_forest_lined_3, infiniplex_forest_straight_2,
          infiniplex_forest_lined_corner, infiniplex_forest_lined_3_way,
          infiniplex_forest_zigzag_2, infiniplex_forest_clump_long
D:3:      layout_basic, portal_sewer_entry_f,
          hellmonk_ecumenical_altar_slurped_away, ebering_ghost_reflecting_pool,
          grunt_ministairs_9, serial_bayou_crossing
Sewer:    sewer_co_pargi_island

Skill      XL: |  1  2 |
---------------+-------+-----
Dodging        | 2 |  2.7
Fighting       | 2 |  2.6
Throwing       | 4 |  4.4
Maces & Flails | |  0.1
Stealth        | |  0.3

Action                   |  1- 3 |  4- 6 || total
-------------------------+-------+-------++-------
Melee: Short sword       |   177 |    88 ||   265
       Punch             |     3 |       ||     3
       Whip              |       |    93 ||    93
Throw: Large rock        |     1 |     2 ||     3
  Use: Scroll            |     7 |       ||     7
       Potion            |       |     2 ||     2
 Stab: Sleeping          |     1 |     2 ||     3
Armor: Robe              |    87 |    72 ||   159
       Skin              |       |    86 ||    86
Dodge: Dodged            |   114 |   117 ||   231
